amy, neutral female human Ranger ---- ---- -- --- ---.[-- |..| --.--.--- --.....| ---..| |.......-- |....)-- ------ |....-- --.......| ---.....-- -....| ---.....-------|......-- |......[.| .....| |...--...--....|-....-| ---.|.--...| ...| ---.---|.........|......---- |...|--|...--- --- -..---- |...| --.......---........-- ---.--- |.....| |.-----------.....----.--- ---.-...--..........| |...| |.--..| |........d.............-- |................-- |.--- |.| --- |.....).).---....)-----.. --................- |.| |.| ---.--...--@- |..|...--...... ---............---...| ---|.| |.| |...|------)$.-----.....^...................-- -.-- --..|.| |.| |.--- ..`.| -.......................-- -- |.....-- |.| ---.| .).(.||...............--.........| --.....| -- |.--- |...| ...-----..............||.......--- --....| |......-- |..^| -.[.| --.......--.|.------...-- --..-- |.>---..---------..| -#).| ---...------- --..| ---- --- |<............| ###- |..-- ---- --------------- ---- amy the Lookout Experience level: 5 Strength: 15 Dexterity: 11 Constitution: 16 Intelligence: 14 Wisdom: 14 Charisma: 7 Health: 0(40) Energy: 31(31) Def: 8 Gold: 295 Moves: 2161 Dungeon seed: 5jV3zQ0B412LOPw6 Game ID: amy_1469281679 Your Inventory: Coins $ - 295 gold pieces Weapons a - an uncursed +1 dagger b - an uncursed +2 bow (weapon in hand) d - 24 uncursed +0 arrows (in quiver) C - 9 uncursed +0 arrows Armor e - an uncursed +2 cloak of displacement (being worn) n - an uncursed +3 pair of jumping boots (being worn) r - an uncursed +0 orcish helm (being worn) Comestibles f - an uncursed cram ration p - an uncursed tripe ration A - 2 uncursed eucalyptus leaves L - an uncursed fortune cookie U - 2 uncursed eggs Z - 2 uncursed food rations Scrolls o - 3 uncursed scrolls of blank paper F - a cursed scroll of food detection Wands g - an uncursed wand of slow monster (0:3) m - an uncursed wand of locking (0:6) K - a cursed wand of enlightenment (0:11) Tools i - 7 blessed wax candles (0:400) k - an uncursed bag of holding l - an uncursed skeleton key y - 7 uncursed tallow candles (0:200) G - 2 blessed tallow candles (0:200) Gems q - an uncursed amethyst stone Contents of the bag of holding: 52 uncursed +2 arrows a blessed scroll of create monster an uncursed scroll of create monster an uncursed scroll of destroy armor a blessed scroll of enchant weapon a cursed scroll of teleportation Spells and supernatural/magical abilities: Name Level Category Fail Memory W - pray for help -- divine ? -- Y - supernatural jump -- ability ? -- Your skills at the end: Miscellaneous Skills wands [Basic] Weapon Skills dagger [Basic] bow [Basic] Spellcasting Skills Final Attributes: You were devoutly aligned. You had automatic searching. You were displaced. You could jump. You are dead. Vanquished creatures: an imp a shrieker a gnome lord a gnomish wizard a paper golem 2 dwarves 3 iguanas 5 hill orcs a giant bat 2 dwarf zombies a wererat a gas spore an acid blob 2 geckos 5 giant rats 2 cave spiders 2 yellow molds 10 gnomes 2 jackals a fox a kobold 6 newts 2 goblins 5 sewer rats 5 grid bugs a bat 3 lichens 68 creatures vanquished. Voluntary challenges: You did not adorn yourself with jewelry or accessories. You had been an atheist until turn 2153. You used a wielded weapon 12 times, starting on turn 284. You did not apply a unicorn horn. You read items or engraved 3 times, starting on turn 1354. You never genocided any monsters. You never polymorphed an object. You never changed form. You used no wishes. You never split a pudding. You never wrote Elbereth's name. You never violated your personal moral code. Dungeon overview: The Dungeons of Doom: levels 1 to 4 Level 1 an altar to Mars a long staircase Level 2 a scroll shop, a fountain Level 3 some fountains Level 4 a general store, a fountain stairs to The Gnomish Mines The Gnomish Mines: Level 5 <- You were here stairs to The Dungeons of Doom History has recorded: On T:1 you entered the Dungeons of Doom to retrieve the Amulet of Yendor! On T:237 you reached level 2 of The Dungeons of Doom. On T:531 you advanced to experience level 2. On T:669 you reached level 3 of The Dungeons of Doom. On T:997 you advanced to experience level 3. On T:1141 you reached level 4 of The Dungeons of Doom. On T:1611 you advanced to experience level 4. On T:1686 you reached level 1 of The Gnomish Mines. On T:1902 you advanced to experience level 5. Score breakdown: Gold: 295 ( 29 points) Experience: 5 levels ( 400 points) Exploration: 5 levels ( 120 points) Discoveries: 10 items ( 500 points) Variety of kills: 27 monsters ( 1350 points) Major goal: (nothing yet) ( 0 points) Survival: died (score multiplied by 3) Total score: 7197 Latest messages: You finish waiting. “B picks up an axe. You hear crashing rock. You stop waiting. (2x) You begin praying to Venus. You are surrounded by a shimmering light. “B drops an axe. “B bites the gecko. The gecko misses “B. “B picks up an axe. “B misses the gecko. (2x) You feel that Venus is well-pleased. You feel more balanced. You shoot 2 arrows. The 1st arrow hits the gecko. The 2nd arrow hits something! You kill the gecko! “B eats a gecko corpse. You displace “B. You see here an uncursed +0 arrow. d - an uncursed +0 arrow (in quiver). “B drops an axe. Click! You trigger a rolling boulder trap! You are hit by a boulder. You die... Final status: Goodbye amy the Ranger, killed by a boulder... You died in The Gnomish Mines on dungeon level 5 with 7197 points, and 295 pieces of gold, after 2161 moves. You were level 5 with a maximum of 40 hit points when you died.